 Dungeon Crawl Stone Soup version 0.27.1-1-g398f81649c (webtiles) character file.

Game seed: 9913717199783399365

4 Rickety the Sneak (level 1, 0/9 HPs)
             Began as a Spriggan Enchanter on Sept 18, 2021.
             Constricted to death by a ball python (1 damage)
             ... on level 2 of the Dungeon.
             The game lasted 00:01:37 (1031 turns).

Rickety the Sneak (Spriggan Enchanter)              Turns: 1031, Time: 00:01:38

Health: 0/9        AC:  2    Str:  4    XL:     1   Next: 58%
Magic:  5/5        EV: 14    Int: 16    God:
Gold:   20         SH:  0    Dex: 15    Spells: 4/5 levels left

rFire    . . .     SeeInvis +   a - +1 dagger
rCold    . . .     Faith    .   (shield restricted)
rNeg     . . .     Spirit   .   b - +0 robe
rPois    .         Reflect  .   (helmet restricted)
rElec    .         Harm     .   (no cloak)
rCorr    .         Rampage  .   (gloves unavailable)
Will     .....                  (boots unavailable)
Stlth    +++.......             (no amulet)
HPRegen  0.03/turn              (no ring)
MPRegen  0.09/turn              (no ring)

@: constricted, very quick
A: very small, no large weapons, unfitting armour, see invisible, speed 3
a: no special abilities


You were on level 2 of the Dungeon.
You visited 1 branch of the dungeon, and saw 2 of its levels.

You collected 20 gold pieces.

Inventory:

Hand Weapons
 a - a +1 dagger (weapon)
Missiles
 c - 15 poisoned darts (quivered)
Armour
 b - a +0 robe (worn)
Jewellery
 f - a ring of willpower
Scrolls
 e - a scroll of magic mapping {unknown}
 g - a scroll of teleportation {unknown}
 h - a scroll of enchant weapon {unknown}
Potions
 d - a potion of curing {unknown}


   Skills:
 + Level 1.1 Short Blades
 + Level 2.7 Dodging
 * Level 4.8 Stealth
 + Level 2.7 Spellcasting
 + Level 3.7 Hexes


You had 4 spell levels left.
You knew the following spells:

 Your Spells              Type           Power      Damage    Failure   Level
a - Corona                Hex            15%        N/A       4%          1

Your spell library contained the following spells:

 Spells                   Type           Power      Damage    Failure   Level
 Confusing Touch          Hex            14%        N/A       13%         3
 Tukima's Dance           Hex            14%        N/A       13%         3
 Ensorcelled Hibernation  Hex/Ice        16%        N/A       14%         2
 Dazzling Flash           Conj/Hex       16%        N/A       26%         3


Dungeon Overview and Level Annotations

Branches:
Dungeon (2/15)

Altars:


Innate Abilities, Weirdness & Mutations

You are very small and have problems with some larger weapons.
You are too small for most types of armour.
You have supernaturally acute eyesight. (SInv)
You cover ground extremely quickly. (Speed+++)


Message History

You climb upwards.
There is a stone staircase leading down here.
As you open the door, it creaks loudly!
There is an open door here.
You see here a +0 spear.
There is an open door here.
There is an open door here.
You open the door.
There is an open door here.
There is a stone staircase leading down here.
You climb downwards.
Found a ring mail.
There is a stone staircase leading up here.
You climb upwards.
There is a stone staircase leading down here.
There is an open door here.
There is a stone staircase leading down here.
You climb downwards.
There is a stone staircase leading up here.
The ball python hisses angrily.
The adder hisses angrily.
You miss the adder. The adder bites you.
There is a stone staircase leading up here.
The adder completely misses you. The ball python completely misses you.
The ball python grabs you.
You stop ascending the stairs.
The ball python constricts you.
Unknown command.
The ball python's grasp on you weakens, but your attempt to escape fails.
The adder closely misses you. The ball python barely misses you.
The ball python constricts you.
You hit the ball python.
The ball python is severely wounded.
The adder misses you. The ball python closely misses you.
The ball python constricts you. The adder bites you.
* * * LOW HITPOINT WARNING * * *
You closely miss the ball python.
The ball python is severely wounded.
The ball python bites you.
* * * LOW HITPOINT WARNING * * *
The ball python constricts you.
You die...

##########
#........#
#........#
#....@...#
#####SS###
##..#
#...#
.....#
......#
##......#
##.##....
.. .#..


You could see an adder and a ball python.

Vanquished Creatures
  An endoplasm (D:1)
  A hobgoblin (D:1)
  A quokka (D:1)
  A frilled lizard (D:1)
4 creatures vanquished.

Notes
Turn   | Place    | Note
-------+----------+-------------------------------------------
     0 | D:1      | Rickety the Spriggan Enchanter began the quest for the Orb.
     0 | D:1      | Reached XP level 1. HP: 9/9 MP: 5/5
  1031 | D:2      | Constricted to death by a ball python

Illustrated notes

Levels and vault maps discovered:
D:1:      minmay_arrival_checkered_box, layout_loops_corners
D:2:      layout_rooms, serial_shops, shop, shop, nicolae_square_shop,
          nicolae_lakefront_shop, shapermc_ecumenical_altar_acropolis

Action                   || total
-------------------------++-------
Melee: Dagger            ||    10
Throw: Dart              ||    10
 Cast: Corona            ||     1
 Stab: Sleeping          ||     1
Dodge: Dodged            ||    10
